 Dungeon Crawl Stone Soup version 0.24.0-41-g2ae2f7f1be (webtiles) character file.

Game seed: 1789892767953673373, levelgen mode: deterministic

45140 onDMT the Severer (level 14, -9/190 HPs)
             Began as a Minotaur Berserker on Dec 8, 2019.
             Was a High Priest of Trog.
             Splashed by an acid blob's acid (12 damage)
             ... while paralysed by a great orb of eyes
             ... on level 6 of the Lair of Beasts on Dec 9, 2019.
             The game lasted 01:26:51 (21858 turns).

onDMT the Severer (Minotaur Berserker)             Turns: 21858, Time: 01:26:52

Health: -9/190     AC: 19    Str: 29    XL:     14   Next: 0%
Magic:  7/7        EV:  2    Int:  4    God:    Trog [*****.]
Gold:   1548       SH:  0    Dex: 12    Spells: 13/13 levels left

rFire    . . .     SeeInvis .   C - +3 war axe (antimagic)
rCold    + . .     Gourm    .   h - +0 shield
rNeg     + + +     Faith    .   (armour currently unavailable)
rPois    +         Spirit   .   (helmet currently unavailable)
rElec    .         Reflect  +   (cloak currently unavailable)
rCorr    .         Harm     .   (gloves currently unavailable)
MR       +....     NoTele   +   (boots currently unavailable)
Stlth    +.........             r - +4 amulet of reflection
HPRegen  0.41/turn              N - ring of poison resistance
MPRegen  0.10/turn              D - ring of Psychosis {rC+ MP+9 Str+4}

@: paralysed, tree-form, corroded
A: (retaliatory headbutt)
a: Berserk, Trog's Hand, Brothers in Arms, Renounce Religion


You were on level 6 of the Lair of Beasts.
You worshipped Trog.
Trog was extremely pleased with you.
You were very hungry.
You were a tree.
You visited 2 branches of the dungeon, and saw 16 of its levels.

You collected 1548 gold pieces.

Inventory:

Hand Weapons
 v - a +2 war axe of freezing
 C - a +3 antimagic war axe (weapon)
Armour
 h - a +0 shield (worn)
 k - a +1 plate armour (melded)
Jewellery
 f - an uncursed ring of fire
 r - a +4 amulet of reflection (around neck)
 D - the ring of Psychosis (right branch) {rC+ MP+9 Str+4}
   (You found it on level 8 of the Dungeon)

   [ring of protection from cold]

   It affects your strength (+4).
   It protects you from cold.
   It affects your magic capacity (+9).
 N - a ring of poison resistance (left branch)
Wands
 m - a wand of random effects (30)
 w - a wand of flame (52)
 B - a wand of acid (10)
 F - a wand of digging (3)
 I - a wand of polymorph (6)
 K - a wand of paralysis (26)
 M - a wand of disintegration (17)
 Q - a wand of enslavement (11)
Scrolls
 b - 2 scrolls of teleportation
 d - 5 scrolls of remove curse
 e - 2 scrolls of fear
 g - 4 scrolls of magic mapping
 i - 3 scrolls of fog
 s - 5 scrolls of amnesia
 t - 5 scrolls of immolation
 u - a scroll of acquirement
 y - a scroll of vulnerability {unknown}
 E - 2 scrolls of blinking
 H - 2 scrolls of holy word
 J - a scroll of noise
 L - a scroll of torment
 O - 7 scrolls of identify
 P - 2 scrolls of enchant armour
Potions
 a - 2 potions of agility
 j - 2 potions of invisibility
 l - 2 potions of resistance
 n - a potion of heal wounds
 o - a potion of magic
 q - 4 potions of degeneration
 z - 2 potions of curing
 A - a potion of flight {unknown}
 G - a potion of cancellation {unknown}
 R - a potion of berserk rage
Comestibles
 c - 24 rations


   Skills:
 + Level 12.9 Fighting
 * Level 17.1 Axes
 + Level 12.7 Armour
 + Level 11.7 Dodging
 + Level 7.8 Shields


You had 13 spell levels left.
You didn't know any spells.
Your spell library contained the following spells:

 Spells                   Type           Power        Failure   Level  Hunger
 Flame Tongue             Conj/Fire      #....        82%         1    ##.....
 Throw Flame              Conj/Fire      #.....       91%         2    ###....
 Conjure Flame            Conj/Fire      #.......     99%         3    ####...
 Inner Flame              Hex/Fire       #.......     99%         3    ####...
 Sticky Flame             Conj/Fire      #.......     100%        4    #####..
 Fireball                 Conj/Fire      #.........   100%        5    ######.


Dungeon Overview and Level Annotations

Branches:
Dungeon (10/15)            Temple (0/1) D:6            Lair (6/6) D:8
 Shoals (0/4) Lair:3        Snake (0/4) Lair:3        Slime (0/5) Lair:5
    Orc: D:9-12

Altars:
Cheibriados
Dithmenos
Fedhas
Hepliaklqana
Nemelex Xobeh
Okawaru
Qazlal
Vehumet
Wu Jian
Xom
Yredelemnul
Zin
The Shining One

Shops:
D:4 }

Annotations:
Lair:3 exclusion: oklob plant


Innate Abilities, Weirdness & Mutations

((You reflexively headbutt those who attack you in melee.))
((You have a pair of horns on your head.))


Message History

* * * LOW HITPOINT WARNING * * *
The death ooze hits you but does no damage. x2
The great orb of eyes bites you.
* * * LOW HITPOINT WARNING * * *
The acid blob hits you.
* * * LOW HITPOINT WARNING * * *
The acid corrodes you!
You are splashed with acid!
* * * LOW HITPOINT WARNING * * *
The death ooze hits you.
* * * LOW HITPOINT WARNING * * *
The death ooze hits you but does no damage.
The tyrant leech bites you!
* * * LOW HITPOINT WARNING * * *
The great orb of eyes bites you.
* * * LOW HITPOINT WARNING * * *
The acid blob spits acid at you. The splash of acid hits you!
* * * LOW HITPOINT WARNING * * *
The acid corrodes you!
You are splashed with acid!
You die...

....#............#....####.......
.#..#P†....##..........##...P....
.........#######P................
.........#.J #.............PP..#
.........#JJ #.......#.....PP.##
.......P.#JJ #.........#....#...
........P#JJ #....###..#...##...
...<...P##JJ ##w......#...P#####
.[#....###GG #.♣.........#######
.......# ##.###JGJ........###..##
.......# #....JJJ.........##....#
.......# #....##.......#.###.....
.##....# ######..#....#### ##....
####.### #####.PP# ##..# # ###
#.### ###' ### ## #.


You could see an acid blob, a great orb of eyes, a tyrant leech, a death ooze, a
jelly and 2 oozes.

Vanquished Creatures
  An acid blob (Lair:6)
  Fannar (Lair:1)
  Harold (D:7)
  An ice dragon (Lair:6)
  3 hydras
  A two-headed ogre (D:10)
  A lindwurm (Lair:6)
  Pikel (D:7)
  Joseph (D:7)
  Maurice (D:10)
  2 centaur zombies (D:10)
  4 black mambas
  6 spiny frogs
  3 torpor snails (Lair:6)
  A rime drake (Lair:2)
  5 komodo dragons
  9 polar bears (Lair:6)
  3 tyrant leeches (Lair:6)
  7 hornets (Lair:6)
  5 slime creatures (D:10)
  A raiju (Lair:6)
  10 blink frogs
  5 dream sheep (Lair:5)
  9 hippogriffs
  4 wyverns
  28 yaks
  A steam dragon (D:9)
  3 basilisks
  Menkaure (D:7)
  3 wargs (Lair:6)
  A naga (Lair:3)
  14 hell hounds (Lair:6)
  9 water moccasins
  11 porcupines
  Duvessa (D:4)
  A slave (D:7)
  4 orc warriors
  A phantom (D:8)
  11 black bears
  3 necrophages
  6 ogres
  25 wolves
  4 centaurs
  15 crocodiles
  4 big kobolds
  9 bullfrogs
  A wyvern zombie (D:6)
  2 gnoll sergeants
  Dowan (D:4)
  2 scorpions
  4 killer bees
  16 wights
  An electric eel (Lair:3)
  A howler monkey (D:6)
  8 crimson imps
  A bullfrog zombie (D:10)
  3 centaur skeletons
  9 hounds
  4 orc wizards
  6 orc priests
  An iguana (D:5)
  13 jellies
  2 bullfrog skeletons
  6 worker ants
  A killer bee zombie (D:5)
  2 hound zombies
  A hound skeleton (D:5)
  17 gnolls
  15 adders
  A shadow imp (D:5)
  4 oozes
  An adder zombie (D:5)
  3 adder skeletons
  A worm (D:5)
  6 dart slugs
  7 leopard geckos
  48 orcs
  10 giant cockroaches
  7 hobgoblins
  7 jackals
  3 quokkas
  3 ball pythons
  9 bats
  4 frilled lizards
  7 goblins
  18 kobolds
  12 rats
  2 rat zombies (D:6)
  4 fungi
  5 plants
520 creatures vanquished.

Vanquished Creatures (collateral kills)
  The ghost of Zodoin the Blocker, a journeyman MiFi of Okawaru (Lair:5)
  A hydra (Lair:6)
  A dancing weapon (Lair:5)
  Urug (D:10)
  A torpor snail (Lair:6)
  A komodo dragon (Lair:6)
  A hippogriff (Lair:5)
  A yak (Lair:6)
  Grum (D:10)
  A basilisk (Lair:6)
  A warg (Lair:6)
  2 hell hounds (Lair:6)
  3 black bears (Lair:6)
  3 wolves
  2 crocodiles (Lair:6)
  A quasit (D:10)
  A jelly (Lair:5)
  A plant (Lair:6)
24 creatures vanquished.

Vanquished Creatures (others)
  A yak (D:9)
  A centaur (D:10)
  A leopard gecko (D:7)
  6 fungi
  27 plants
36 creatures vanquished.

Grand Total: 580 creatures vanquished

Notes
Turn   | Place    | Note
-------+----------+-------------------------------------------
     0 | D:1      | onDMT the Minotaur Berserker began the quest for the Orb.
     0 | D:1      | Reached XP level 1. HP: 19/19 MP: 0/0
   233 | D:1      | Reached XP level 2. HP: 19/27 MP: 1/1
   464 | D:1      | Reached skill level 4 in Axes
   481 | D:1      | Reached ** piety under Trog
   481 | D:1      | Reached XP level 3. HP: 22/33 MP: 2/2
  1266 | D:2      | Reached XP level 4. HP: 40/40 MP: 3/3
  1705 | D:3      | Found a faded altar of an unknown god.
  1894 | D:3      | Found a sparkling altar of Nemelex Xobeh.
  1991 | D:3      | Reached skill level 5 in Axes
  1991 | D:3      | Reached XP level 5. HP: 47/47 MP: 4/4
  1995 | D:3      | Reached *** piety under Trog
  2275 | D:3      | Found a basalt altar of Yredelemnul.
  2787 | D:4      | Noticed an ogre
  2795 | D:4      | Killed an ogre
  2795 | D:4      | Reached skill level 5 in Fighting
  2795 | D:4      | Reached XP level 6. HP: 56/56 MP: 5/5
  3161 | D:4      | Found Southocwa's Gadget Shop.
  3355 | D:4      | Noticed Duvessa
  3364 | D:4      | Noticed Dowan
  3365 | D:4      | Killed Duvessa
  3365 | D:4      | Reached skill level 6 in Axes
  3373 | D:4      | Killed Dowan
  3494 | D:4      | Reached XP level 7. HP: 48/61 MP: 6/6
  3991 | D:5      | Entered Level 5 of the Dungeon
  4033 | D:5      | Reached skill level 7 in Axes
  4033 | D:5      | Reached skill level 5 in Armour
  4505 | D:5      | Found an iron altar of Okawaru.
  4561 | D:5      | Reached **** piety under Trog
  4885 | D:5      | Reached skill level 5 in Dodging
  4885 | D:5      | Reached XP level 8. HP: 70/70 MP: 7/7
  4889 | D:5      | Found a shimmering altar of Xom.
  4889 | D:5      | Noticed an angel
  4956 | D:5      | Found a glowing silver altar of Zin.
  5194 | D:6      | Reached skill level 8 in Axes
  5782 | D:6      | Found a glowing silver altar of Zin.
  6004 | D:6      | Found a radiant altar of Vehumet.
  6361 | D:6      | Found a blossoming altar of Fedhas.
  6364 | D:6      | Found a shadowy altar of Dithmenos.
  6367 | D:6      | Found an iron altar of Okawaru.
  6413 | D:6      | Found a staircase to the Ecumenical Temple.
  6587 | D:7      | Identified a scroll of acquirement
  6592 | D:7      | Noticed Harold
  6609 | D:7      | Killed Harold
  6609 | D:7      | Reached skill level 9 in Axes
  6609 | D:7      | Reached XP level 9. HP: 41/79 MP: 8/8
  6889 | D:7      | Noticed Joseph
  6897 | D:7      | Reached skill level 10 in Axes
  6909 | D:7      | Killed Joseph
  7264 | D:7      | Found an ornate altar of the Wu Jian Council.
  7264 | D:7      | Found a hazy altar of Hepliaklqana.
  7269 | D:7      | Found a stormy altar of Qazlal.
  7271 | D:7      | Found a glowing golden altar of the Shining One.
  7273 | D:7      | Found a snail-covered altar of Cheibriados.
  7353 | D:7      | Noticed Menkaure
  7369 | D:7      | Killed Menkaure
  7643 | D:7      | Reached skill level 11 in Axes
  7745 | D:7      | Noticed Pikel
  7760 | D:7      | Killed Pikel
  7760 | D:7      | Reached XP level 10. HP: 68/90 MP: 9/9
  8711 | D:8      | Found a staircase to the Lair.
  8751 | D:8      | Received a gift from Trog
  9104 | D:8      | Reached skill level 12 in Axes
  9337 | D:8      | Got a slimy copper ring
  9712 | D:8      | Identified the ring of Psychosis {rC+ MP+9 Str+4} (You
                  | found it on level 8 of the Dungeon)
  9942 | D:9      | Reached ***** piety under Trog
 10698 | D:9      | Reached XP level 11. HP: 97/99 MP: 10/10
 10780 | D:9      | Reached skill level 10 in Fighting
 10780 | D:9      | Reached skill level 13 in Axes
 11334 | D:10     | Entered Level 10 of the Dungeon
 11350 | D:10     | Reached skill level 10 in Armour
 11791 | D:10     | Noticed a two-headed ogre
 11800 | D:10     | Killed a two-headed ogre
 11800 | D:10     | Reached skill level 14 in Axes
 12077 | D:10     | Noticed Urug
 12079 | D:10     | Noticed Grum
 12083 | D:10     | Paralysed by Urug for 7 turns
 12086 | D:10     | Killed Urug
 12097 | D:10     | Killed Grum
 12097 | D:10     | Reached skill level 1 in Shields
 12289 | D:10     | Noticed Maurice
 12315 | D:10     | Killed Maurice
 12678 | Lair:1   | Entered Level 1 of the Lair of Beasts
 13280 | Lair:1   | Noticed Fannar
 13301 | Lair:1   | Killed Fannar
 13301 | Lair:1   | Reached XP level 12. HP: 110/110 MP: 11/11
 13509 | Lair:1   | Reached skill level 10 in Dodging
 14770 | Lair:1   | Upgraded the game from 0.24.0-37-gcf1ca852f1 to
                  | 0.24.0-41-g2ae2f7f1be
 16068 | Lair:3   | Reached skill level 15 in Axes
 16446 | Lair:3   | Found a staircase to the Snake Pit.
 17053 | Lair:3   | Noticed a four-headed hydra
 17065 | Lair:3   | Killed an eight-headed hydra
 17267 | Lair:3   | Found a staircase to the Shoals.
 17862 | Lair:4   | Received a gift from Trog
 18507 | Lair:5   | Found a runed translucent door.
 18509 | Lair:5   | Found a shimmering altar of Xom.
 18509 | Lair:5   | Noticed Zodoin's ghost (journeyman MiFi)
 18524 | Lair:5   | Reached skill level 5 in Shields
 18529 | Lair:5   | Killed Zodoin's ghost
 18723 | Lair:5   | Found a staircase to the Slime Pits.
 19006 | Lair:5   | Reached XP level 13. HP: 111/118 MP: 12/12
 19698 | Lair:6   | Entered Level 6 of the Lair of Beasts
 19698 | Lair:6   | Found a gate leading to a gauntlet.
 19701 | Lair:6   | Reached skill level 16 in Axes
 20222 | Lair:6   | Received a gift from Trog
 20279 | Lair:6   | Received a gift from Trog
 21039 | Lair:6   | Found a runed translucent door.
 21356 | Lair:6   | Reached skill level 17 in Axes
 21833 | Lair:6   | Noticed a death ooze
 21833 | Lair:6   | Noticed a death ooze
 21833 | Lair:6   | Noticed an acid blob
 21835 | Lair:6   | Noticed an acid blob
 21842 | Lair:6   | Killed an acid blob
 21842 | Lair:6   | Reached XP level 14. HP: 81/127 MP: 7/13
 21855 | Lair:6   | Paralysed by a great orb of eyes for 6 turns
 21858 | Lair:6   | HP: 3/190 [acid blob/splash of acid (9)]
 21858 | Lair:6   | Splashed by an acid blob's acid

Levels and vault maps discovered:
D:1:      onia_arrival_larder, layout_loops_ring
D:2:      layout_basic
D:3:      layout_loops_ring, nemelex_xobeh_ov_fountains_minmay,
          chequers_ecumenical_altar_simple, minmay_misc_feat_square,
          chequers_decorated_corner, lemuel_statue_altar
D:4:      layout_loops_corners, first_ration, serial_shops, shop,
          kennysheep_generic_room_11, uniq_duvessa
D:5:      layout_basic, grunt_temple_overflow_order_and_chaos_1,
          minmay_tree_intersection, abandoned_shop, okawaru_altar_gauntlet_db
D:6:      layout_layer_cave, lemuel_coloured_pillars_altar,
          grunt_temple_overflow_diamond, minmay_temple_entry_nine_rooms,
          basic_altar, enter_ossuary_4
D:7:      layout_loops_cross, chequers_temple_overflow_minitemple,
          uniq_menkaure, uniq_harold, uniq_pikel, uniq_joseph
D:8:      layout_rooms, minmay_lair_entry_grove, special_room [special_room_orc]
D:9:      layout_rooms, serial_curves, eino_curves_04, eino_curves_02
D:10:     layout_rooms, uniq_grum, uniq_maurice, uniq_urug
Lair:1:   layout_layer_cave, nicolae_volcano_entry_two_sided,
          beast_lair_carwin_2, grunt_megastairs_5, uniq_fannar
Lair:2:   layout_chaotic_city, chequers_serial_rivers_micro_d,
          patterned_corridor
Lair:3:   layout_chaotic_city, elwin_shoals_entry_rooms,
          guppyfry_snake_entry_garden, minmay_lair_oklob_chamber,
          grunt_megastairs_4, lemuel_fruit_fields
Lair:4:   layout_cave_pods, infiniplex_staircase_pool
Lair:5:   layout_long_grid, minmay_slime_entry_jelly_boxes, ebering_ghost_xom
Lair:6:   hangedman_lair_caniforms_friends, layout_gridlike, wormcave,
          gauntlet_entry_generic, special_room [special_room_jelly]

Skill      XL: |  1  2  3  4  5  6  7  8  9 10 11 12 13 |
---------------+----------------------------------------+-----
Axes           | 4 5 6 7 9 11 12 14 15 17 | 17.1
Fighting       | 4 5 6 7 8 9 11 12 | 12.9
Armour         | 3 4 5 7 8 9 10 11 12 | 12.7
Dodging        | 3 4 5 6 7 8 9 10 11 | 11.7
Shields        | 2 5 7 |  7.8

Action                   |  1- 3 |  4- 6 |  7- 9 | 10-12 | 13-15 || total
-------------------------+-------+-------+-------+-------+-------++-------
Melee: Hand axe          |    92 |   116 |   295 |       |       ||   503
       Headbutt          |    16 |    18 |    71 |   193 |    73 ||   371
       War axe           |       |       |    24 |   761 |   307 ||  1092
       Spear             |       |       |       |    13 |       ||    13
Invok: Berserk           |       |     6 |     4 |    10 |     3 ||    23
       Trog's Hand       |       |     1 |     4 |     5 |       ||    10
       Brothers in Arms  |       |       |       |     2 |     6 ||     8
Evoke: Wand              |       |       |       |     7 |       ||     7
  Use: Scroll            |       |       |     9 |    13 |     1 ||    23
       Potion            |       |       |     4 |     4 |     3 ||    11
 Stab: Distracted        |       |       |       |     1 |     1 ||     2
  Eat: Chunk             |     1 |     8 |    10 |    20 |     8 ||    47
       Ration            |       |     1 |     3 |     9 |     1 ||    14
Armor: Animal skin       |    19 |    10 |       |       |       ||    29
       Plate armour      |       |       |   145 |   243 |    87 ||   475
       Skin              |       |       |       |       |    10 ||    10
Dodge: Dodged            |    65 |    53 |   116 |   262 |   123 ||   619
Block: Other             |       |       |    13 |    40 |       ||    53
       Reflection        |       |       |       |     6 |     1 ||     7
       Shield            |       |       |       |   189 |   201 ||   390
